 Dungeon Crawl Stone Soup version 0.32-a0-306-gfed3edf829 (webtiles) character file.

Game seed: 361313230871790510

78808 jasper the Severer (level 15, -8/136 HPs)
             Began as a Mountain Dwarf Fighter on Feb 14, 2024.
             Was the Champion of Beogh.
             Mangled by an orc knight
             ... wielding a +1 war axe
              (29 damage)
             ... on level 2 of the Orcish Mines.
             The game lasted 00:41:24 (20344 turns).

jasper the Severer (Mountain Dwarf Fighter)        Turns: 20344, Time: 00:41:25

Health: -8/136     AC: 23    Str: 23    XL:     15   Next: 19%
Magic:  33/33      EV: 10    Int: 10    God:    Beogh [******]
Gold:   1508       SH:  0    Dex: 11    Spells: 14/14 levels left

rFire   . . .        B - +2 battleaxe (freeze)
rCold   + . .        (shield currently unavailable)
rNeg    + + .        F - +6 scale mail "Lutoqent" {rC+ rN+}
rPois   +            T - +0 hat of Makhleb, Sharing {rPois}
rElec   .            a - +0 cloak
rCorr   .            q - +2 pair of gloves {Stlth+}
SInv    .            t - +1 pair of boots
Will    +....        S - amulet of regeneration
Stlth   +            n - ring of positive energy
HPRegen 1.22/turn    J - ring of magical power
MPRegen 0.23/turn

%: no passive effects
@: no status effects
A: walk on water, runic magic, artefact enchanting
a: Renounce Religion, Smiting, Recall Apostles, Blood for Blood, Dismiss Korbok,
warrior, Dismiss Worak, warrior, Dismiss Murdo, priest


You were on level 2 of the Orcish Mines.
You worshipped Beogh.
Beogh was exalted by your worship.
You visited 3 branches of the dungeon, and saw 18 of its levels.
You also visited: Gauntlet.

You collected 1781 gold pieces.
You spent 273 gold pieces at shops.

Inventory:

Hand Weapons
 j - a +0 battleaxe
 B - a +2 battleaxe of freezing (weapon)
 K - a +3 dire flail of protection
Missiles
 g - 114 stones (quivered)
 G - 30 poisoned darts
 I - 2 throwing nets
Armour
 a - a +0 cloak (worn)
 k - a +0 helmet
 q - a +2 pair of gloves of stealth (worn)
 t - a +1 pair of boots (worn)
 F - the +6 scale mail "Lutoqent" (worn) {rC+ rN+}
   (You found it on level 7 of the Dungeon)

   rC+:       It protects you from cold.
   rN+:       It protects you from negative energy.
 T - the +0 hat of Makhleb, Sharing (worn) {rPois}
   (You found it on level 10 of the Dungeon)

   rPois:     It protects you from poison
 U - a +2 hat
Jewellery
 b - the ring of Xuturhet {Str+4 SInv}
   (You found it in a Gauntlet)

   [ring of see invisible]

   Str+4:     It affects your strength (+4).
   SInv:      It lets you see invisible.
 c - a +6 ring of dexterity
 n - a ring of positive energy (left hand)
 s - an amulet of magic regeneration
 u - a +6 ring of intelligence
 J - a ring of magical power (right hand)
 O - a ring of flight
 Q - a ring of wizardry
 S - an amulet of regeneration (around neck)
Wands
 p - a wand of paralysis (22)
 v - a wand of flame (18)
 N - a wand of acid (17)
 R - a wand of polymorph (9)
 V - a wand of iceblast (2)
 Z - a wand of mindburst (11)
Scrolls
 f - a scroll of revelation
 r - 8 scrolls of teleportation
 w - a scroll of identify
 x - 4 scrolls of fear
 L - a scroll of brand weapon
 M - 3 scrolls of amnesia
 P - a scroll of vulnerability
Potions
 d - 4 potions of haste
 e - 3 potions of heal wounds
 i - 4 potions of brilliance
 l - a potion of lignification
 m - 4 potions of attraction
 z - 4 potions of magic
 A - 2 potions of invisibility
 C - a potion of mutation
 E - 5 potions of ambrosia
 H - 5 potions of curing
 W - a potion of cancellation {unknown}
 X - 2 potions of might
Miscellaneous
 Y - a sack of spiders


   Skills:
 + Level 13.6 Fighting
 - Level 20.0 Axes
 + Level 13.6 Armour
 + Level 10.4 Shields
 + Level 13.0 Invocations


You had 14 spell levels left.
You didn't know any spells.
Your spell library contained the following spells:

 Spells                   Type           Power      Damage    Failure   Level
 Mercury Vapours          Alch/Air       0%         N/A       56%         2
 Static Discharge         Conj/Air       0%         3-3/arc   56%         2
 Hailstorm                Conj/Ice       0%         3d5       80%         3
 Mephitic Cloud           Conj/Alch/Air  0%         N/A       80%         3
 Summon Ice Beast         Ice/Summ       0%         N/A       80%         3
 Airstrike                Air            0%         2d(0-16)  99%         4
 Animate Armour           Summ/Erth      0%         N/A       99%         4
 Summon Lightning Spire   Summ/Air       0%         N/A       99%         4
 Vhi's Electric Charge    Tloc/Air       0%         N/A       99%         4
 Arcjolt                  Conj/Air       0%         1d10      100%        5
 Freezing Cloud           Conj/Ice/Air   0%         6-21      100%        5
 Lee's Rapid Deconstruct  Erth           0%         3d4*      100%        5
 Plasma Beam              Fire/Air       0%         2x1d10    100%        6
 Sculpt Simulacrum        Ice/Alch       0%         N/A       100%        6


Dungeon Overview and Level Annotations

Branches:
Dungeon (11/15)            Temple (0/1) D:6            Lair (5/5) D:10
  Swamp (0/4) Lair:2       Spider (0/4) Lair:2        Slime (0/5) Lair:4
    Orc (2/2) D:10            Elf (0/3) Orc:2       Gauntlet (visited)

Altars:
Ashenzari
Cheibriados
Dithmenos
Nemelex Xobeh
Okawaru
Uskayaw
Vehumet
Xom
Zin
The Shining One
Beogh
Lugonu

Shops:
D:1 *   Orc:2 [

Portals:
Abyss: Lair:4 Lair:5

Annotations:
D:3 1 runed translucent door, Rudyous's ghost, amateur DsAl
D:9 2 runed translucent doors, SigmundSlayer's ghost, journeyman DsEE
Lair:4 2 transporters, Uveod's ghost, journeyman FeEE


Innate Abilities, Weirdness & Mutations

You can walk on water.
Your facial features are unmistakably orcish.
Your spellcasting is much less encumbered by armour.
You can use scrolls of enchantment on lesser artefacts.


Message History

The orc knight hits the orc warrior with a +1 war axe!
The orc warrior dies!
The orc knight hits Worak but does no damage.
The orc knight hits the orc with a +1 war axe!
The orc dies!
The orc high priest hits the orc warrior with a +0 short sword.
The orc warrior hits you from afar with a +0 halberd.
* * * LOW HITPOINT WARNING * * *
An orc warrior comes into view. It is wielding a +0 trident.
The orc warrior falls on its knees before you.
The orc priest hits the orc warrior but does no damage.
The orc knight hits the orc knight with a +0 battleaxe!
The orc knight hits the orc knight with a +0 battleaxe.
The orc knight hits the orc knight with a +0 battleaxe!
The orc warrior hits the orc high priest with a +0 battleaxe!
The orc warrior hits the orc knight with a +0 battleaxe!
The orc warrior hits the orc priest with a +0 war axe of freezing!
The orc warrior freezes the orc priest.
The orc priest dies!
The orc warrior hits the orc knight with a +0 war axe of freezing.
The orc warrior freezes the orc knight.
You take 11 damage, and have 3/136 hp.
You feel much better. The orc knight barely misses you.
The orc warrior hits the orc high priest with a +0 battleaxe!!
The orc warrior hits something with a +0 battleaxe.
The orc warrior hits the orc warrior with a +0 battleaxe!!
The orc warrior hits the orc high priest with a +0 battleaxe!
The orc high priest dies!
The ice devil disappears in a puff of smoke!
The orc warrior hits the orc knight with a +0 battleaxe.
The orc priest hits Worak with a +0 mace.
The orc warrior closely misses the orc knight.
The orc knight closely misses you.
The orc knight hits the orc knight with a +0 battleaxe!
The orc knight hits Worak with a +0 battleaxe!
The orc knight hits you with a +0 battleaxe.
* * * LOW HITPOINT WARNING * * *
The orc knight hits you with a +1 war axe!!
You die...
Beogh appreciates the orc knight's killing of a heretic priest.

******* *#####* #.....###
*##.....*** ........###
###.......,,*** ..........##
##........,,,,,**
...........###..o....,,,,,,,,***
.#.#.#.#.#.#.#.#o#o#.#.#,*,*,*∩**
.)..........oo.o@oooo...,,,,,,,∩*
))........o#.#.oooo..oo.,,,,,*,**
.............^)o§oo.o).o,,,,,,,∩*
.#.#.#.#.#.#.#.#.#o#o#.#,*,*,*∩**
...........###.....).o..,,,,,***
.)........## ##.........,,,,**
........### *##.......,,***
#.....### *##....,*** #######
*******


You could see 4 orc knights, 2 orc high priests, 3 orc warriors, an orc priest
(strong), an orc (strong), a neutral orc knight (distracted), 8 neutral orc
warriors, 2 neutral orc priests, the friendly Korbok the orc apostle, the
friendly Murdo the orc apostle and the friendly Worak the orc apostle.

Vanquished Creatures
  A minotaur (Gauntlet)
  The ghost of Rudyous the Toxicologist, a journeyman DsAl of Vehumet (Lair:2)
  Fannar (Lair:2)
  An entropy weaver (Gauntlet)
  Josephine (D:10)
  A hydra (Lair:5)
  2 catoblepae
  7 death yaks
  A thrashing horror (Lair:5)
  2 skysharks
  An orb spider (Lair:2)
  A harpy (shapeshifter) (D:10)
  2 large abominations (Lair:5)
  2 orc knights (Orc:2)
  3 ugly things (D:10)
  2 black mambas (Lair:5)
  11 elephants (Lair:5)
  9 cane toads
  5 komodo dragons
  A red devil (Lair:3)
  3 trolls
  A wolf spider simulacrum (Gauntlet)
  7 blink frogs
  A raiju (Lair:5)
  A dream sheep (Lair:5)
  3 spriggans
  A spriggan (shapeshifter) (Lair:5)
  A jumping spider (shapeshifter) (Lair:5)
  3 shadows
  2 centaur simulacra (Gauntlet)
  A jumping spider (Gauntlet)
  2 ynoxinuls (Lair:5)
  A wraith (D:10)
  2 wyverns (Lair:3)
  A basilisk (Lair:5)
  33 yaks
  A warg (Orc:2)
  3 vampire mosquitoes
  Edmund (D:6)
  2 steam dragons
  12 water moccasins
  4 orc warriors
  A black bear (D:8)
  An ice dragon simulacrum (Gauntlet)
  8 small abominations (Lair:5)
  17 wolves
  5 ogres
  3 kobold brigands
  2 bullfrogs
  A wyvern zombie (D:10)
  A gnoll sergeant (D:6)
  4 scorpions
  A wight (D:8)
  4 howler monkeys
  A bombardier beetle (D:5)
  2 hounds
  4 jellies
  A gnoll bouda (D:8)
  3 orc priests
  8 iguanas
  2 orc wizards
  11 gnolls
  2 adders
  4 white imps
  4 dart slugs
  6 orcs
  4 bats
  10 endoplasms
  A giant cockroach (D:1)
  6 goblins
  9 hobgoblins
  2 jackals (D:1)
  5 quokkas
  6 ball pythons
  7 frilled lizards
  9 kobolds
  9 rats
305 creatures vanquished.

Vanquished Creatures (collateral kills)
  Donald (Orc:2)
  5 hydras
  5 two-headed ogres
  A catoblepas (Lair:4)
  9 death yaks
  2 thrashing horrors (Lair:5)
  Sonja (Lair:4)
  Nergalle (Lair:3)
  3 ugly things (Lair:5)
  A cyclops (D:8)
  5 elephants (Lair:5)
  A black mamba (Lair:4)
  A smoke demon (Lair:5)
  2 kobold blastminers (Orc:1)
  A cane toad (shapeshifter) (D:10)
  4 cane toads
  An unseen horror (D:10)
  7 komodo dragons
  2 red devils (Lair:3)
  5 trolls
  A polar bear (shapeshifter) (D:10)
  2 hornets
  A polar bear (Lair:3)
  22 blink frogs
  3 dream sheep
  Sigmund (D:6)
  2 small abominations (Lair:5)
  4 wraiths (D:10)
  30 yaks
  A shadow (D:11)
  A ynoxinul (Lair:5)
  A wyvern (D:9)
  2 basilisks
  A vampire mosquito (D:10)
  2 wargs
  7 water moccasins
  An ice beast (shapeshifter) (Lair:5)
  5 orc warriors
  10 wolves
  2 ogres (Orc:2)
  2 centaurs
  4 bullfrogs
  A wyvern zombie (D:10)
  5 wights
  10 howler monkeys
  4 orc priests
  2 gnoll boudas (D:10)
  An iguana (D:7)
  3 orc wizards
  4 gnolls
  A white imp (D:6)
  A ribbon worm (D:6)
  4 orcs
  5 kobolds (D:9)
204 creatures vanquished.

Vanquished Creatures (others)
  An orc high priest (Orc:2)
  An orc apostle (Lair:5)
  4 orc warriors (Orc:2)
  9 orc priests
  14 orcs
29 creatures vanquished.

Grand Total: 538 creatures vanquished

Notes
Turn   | Place    | Note
-------+----------+-------------------------------------------
     0 | D:1      | jasper the Mountain Dwarf Fighter began the quest for the
                  | Orb.
     0 | D:1      | Reached XP level 1. HP: 19/19 MP: 1/1
    58 | D:1      | Reached skill level 3 in Axes
    63 | D:1      | Reached XP level 2. HP: 24/26 MP: 2/2
   166 | D:1      | Reached skill level 4 in Axes
   227 | D:1      | Reached XP level 3. HP: 14/31 MP: 3/3
   335 | D:1      | Found Okkiriam's Assorted Antiques.
   340 | D:1      | Bought a metallic green potion for 21 gold pieces
   340 | D:1      | Bought a scroll labelled LAH WYSKASIAT for 24 gold pieces
   831 | D:2      | Reached skill level 5 in Axes
   999 | D:2      | Reached XP level 4. HP: 37/38 MP: 4/4
  1096 | D:2      | Found a faded altar of an unknown god.
  1100 | D:2      | Prayed at the altar of an unknown god.
  1100 | D:2      | Became a worshipper of Beogh the Shepherd
  1100 | D:2      | Reached * piety under Beogh
  1245 | D:2      | Found a shimmering altar of Xom.
  1245 | D:2      | Found a radiant altar of Vehumet.
  1245 | D:2      | Found a snail-covered altar of Cheibriados.
  1245 | D:2      | Found a hide-covered altar of Uskayaw.
  1245 | D:2      | Found a hide-covered altar of Uskayaw.
  1245 | D:2      | Found a sparkling altar of Nemelex Xobeh.
  1263 | D:2      | Reached skill level 6 in Axes
  1267 | D:2      | Reached XP level 5. HP: 38/45 MP: 5/5
  1757 | D:3      | Found a shadowy altar of Dithmenos.
  1787 | D:3      | Reached ** piety under Beogh
  1806 | D:3      | Reached skill level 7 in Axes
  1840 | D:3      | Found a runed translucent door.
  1957 | D:3      | Noticed Rudyous's ghost (amateur DsAl)
  2096 | D:3      | Identified the +2 dagger of Luecs {venom, rPois Int+2}
  2178 | D:3      | Found a glowing silver altar of Zin.
  2178 | D:3      | Noticed an angel
  2393 | D:4      | Noticed an ogre
  2493 | D:5      | Entered Level 5 of the Dungeon
  2527 | D:5      | Reached XP level 6. HP: 37/51 MP: 6/6
  2679 | D:5      | Reached skill level 8 in Axes
  2776 | D:5      | Reached skill level 9 in Axes
  2970 | D:5      | Reached XP level 7. HP: 55/57 MP: 7/7
  3419 | D:6      | Found a staircase to the Ecumenical Temple.
  3665 | D:6      | Reached skill level 10 in Axes
  4056 | D:6      | Noticed Edmund
  4063 | D:6      | Noticed Sigmund
  4205 | D:1      | Bought a glowing battleaxe for 228 gold pieces
  4516 | D:7      | Reached skill level 11 in Axes
  4516 | D:7      | Reached XP level 8. HP: 37/63 MP: 8/8
  4728 | D:7      | Identified the +6 scale mail "Lutoqent" {rC+ rN+}
  4831 | D:7      | Reached skill level 12 in Axes
  4912 | D:7      | Reached *** piety under Beogh
  4934 | D:7      | Identified the +5 glaive of the Three Youths {freeze,
                  | rPois}
  4934 | D:7      | Noticed Korbok
  4959 | D:7      | Anointed Korbok the warrior as your apostle
  5520 | D:8      | Reached skill level 13 in Axes
  5641 | D:8      | Found a broken altar of Ashenzari.
  5645 | D:8      | Saw a vision of the Swamp and the Spider Nest.
  5645 | D:8      | Noticed a bloated husk
  5645 | D:8      | Noticed a tarantella
  5645 | D:8      | Noticed a demonic crawler
  5645 | D:8      | Noticed a tarantella
  5645 | D:8      | Noticed a tyrant leech
  5645 | D:8      | Noticed a jumping spider
  5645 | D:8      | Noticed a ghost crab
  5646 | D:8      | Noticed a wolf spider
  5646 | D:8      | Noticed a demonic crawler
  5646 | D:8      | Noticed a radroach
  5646 | D:8      | Noticed a tarantella
  5646 | D:8      | Noticed a spark wasp
  5646 | D:8      | Noticed a sun moth
  5647 | D:8      | Noticed a moth of wrath
  5647 | D:8      | Noticed a culicivora
  5647 | D:8      | Noticed a demonic crawler
  5747 | D:8      | Noticed a cyclops
  5754 | D:8      | Killed a cyclops
  5755 | D:8      | Reached skill level 14 in Axes
  5755 | D:8      | Reached XP level 9. HP: 70/70 MP: 9/9
  5840 | D:8      | Reached skill level 15 in Axes
  5972 | D:8      | Reached skill level 1 in Invocations
  6400 | D:6      | Killed Edmund
  6409 | D:6      | Killed Sigmund
  6410 | D:6      | Reached skill level 5 in Invocations
  6569 | D:6      | Found a snail-covered altar of Cheibriados.
  6590 | D:6      | Identified the +6 battleaxe of Beogh's Supremacy {flame,
                  | ^Drain Str+6 Dex+5}
  6590 | D:6      | Noticed Worak
  6615 | D:6      | Anointed Worak the warrior as your apostle
  7138 | D:9      | Paralysed by a hornet for 2 turns
  7260 | D:9      | Reached XP level 10. HP: 73/77 MP: 14/14
  7445 | D:9      | Found a large runed translucent door.
  7501 | D:9      | Reached skill level 16 in Axes
  7570 | D:9      | Found a large runed translucent door.
  7583 | D:9      | Noticed SigmundSlayer's ghost (journeyman DsEE)
  8040 | D:10     | Entered Level 10 of the Dungeon
  8040 | D:10     | Found a staircase to the Lair.
  8223 | D:10     | Found an iron altar of Okawaru.
  8236 | D:10     | Reached **** piety under Beogh
  8279 | D:10     | Noticed a two-headed ogre
  8283 | D:10     | Killed a two-headed ogre
  8299 | D:10     | Found a staircase to the Orcish Mines.
  8308 | D:10     | Reached skill level 5 in Fighting
  8308 | D:10     | Reached skill level 5 in Armour
  8625 | D:10     | Noticed a two-headed ogre
  8625 | D:10     | Noticed a two-headed ogre
  8632 | D:10     | Killed a two-headed ogre
  8633 | D:10     | Reached skill level 17 in Axes
  8636 | D:10     | Killed a two-headed ogre
  8828 | D:10     | Noticed a cyan ugly thing
  8830 | D:10     | Noticed a white ugly thing
  8831 | D:10     | Noticed a cyan ugly thing
  8835 | D:10     | Killed a cyan ugly thing
  8836 | D:10     | Reached XP level 11. HP: 60/89 MP: 15/15
  8839 | D:10     | Killed a cyan ugly thing
  8842 | D:10     | Killed a cyan ugly thing
  8898 | D:10     | a hornet changed into a harpy
  8898 | D:10     | Noticed a harpy (shapeshifter)
  8900 | D:10     | Killed a harpy
  9242 | D:10     | Reached skill level 18 in Axes
  9505 | D:10     | Identified the +0 hat of Makhleb, Sharing {rPois}
  9674 | D:10     | Found a glowing golden altar of the Shining One.
  9889 | D:11     | Noticed Josephine
  9895 | D:10     | Killed Josephine
  9987 | D:11     | Noticed a two-headed ogre
  9991 | D:11     | Killed a two-headed ogre
 10227 | D:11     | Noticed Murdo
 10244 | D:11     | Anointed Murdo the priest as your apostle
 10536 | D:11     | Reached skill level 19 in Axes
 10548 | D:11     | Reached ***** piety under Beogh
 10549 | D:11     | Reached XP level 12. HP: 56/102 MP: 16/16
 11009 | D:11     | Noticed a two-headed ogre
 11013 | D:11     | Killed a two-headed ogre
 11480 | Lair:1   | Entered Level 1 of the Lair of Beasts
 12167 | Lair:1   | Reached skill level 20 in Axes
 13115 | Lair:2   | Noticed Fannar
 13121 | Lair:2   | Killed Fannar
 13187 | Lair:2   | Reached skill level 10 in Armour
 13189 | Lair:2   | Reached skill level 10 in Fighting
 13194 | Lair:2   | Found a hole to the Spider Nest.
 13327 | Lair:2   | Noticed a six-headed hydra
 13330 | Lair:2   | Killed an eight-headed hydra
 13639 | Lair:2   | Found a staircase to the Swamp.
 13644 | Lair:2   | Reached XP level 13. HP: 109/114 MP: 18/18
 13790 | Lair:2   | Reached skill level 5 in Shields
 13903 | Lair:2   | Found a runed translucent door.
 13903 | Lair:2   | Noticed Rudyous's ghost (journeyman DsAl)
 13923 | Lair:2   | Killed Rudyous's ghost
 13924 | Lair:2   | HP: 5/114 [burnt (15)]
 14919 | Lair:3   | Identified the +0 robe of Negation {rElec Int+4}
 15201 | Lair:3   | Noticed Nergalle
 15205 | Lair:3   | Killed Nergalle
 15369 | Lair:3   | You fall into a shaft and drop 1 floor!
 15369 | Lair:4   | Noticed Sonja
 15371 | Lair:4   | Killed Sonja
 15710 | Lair:4   | Found a staircase to the Slime Pits.
 15950 | Lair:4   | Noticed Uveod's ghost (journeyman FeEE)
 15960 | Lair:4   | Found a transporter.
 15982 | Lair:4   | Found a one-way gate to the infinite horrors of the Abyss.
 15982 | Lair:4   | Found a transporter.
 16002 | Lair:4   | Reached skill level 10 in Invocations
 17149 | Lair:5   | Entered Level 5 of the Lair of Beasts
 17163 | Lair:5   | Reached XP level 14. HP: 125/125 MP: 21/21
 17169 | Lair:5   | Your ally Korbok died
 17400 | Lair:5   | Reached ****** piety under Beogh
 18423 | Lair:5   | Found a corrupted altar of Lugonu.
 18429 | Lair:5   | Reached skill level 10 in Shields
 18621 | Lair:5   | Reached XP level 15. HP: 136/136 MP: 24/24
 19316 | Orc:1    | Entered Level 1 of the Orcish Mines
 19511 | Orc:2    | Entered Level 2 of the Orcish Mines
 19587 | Orc:2    | Noticed Donald
 19596 | Orc:2    | Killed Donald
 19606 | Orc:2    | Found a staircase to the Elven Halls.
 19617 | Orc:2    | Found Kabawoug's Armour Shop.
 19643 | Orc:2    | Found a gate leading to a gauntlet.
 19659 | Gauntlet | Entered a Gauntlet
 19659 | Gauntlet | Found a transporter.
 19659 | Gauntlet | Found a transporter.
 19676 | Gauntlet | Found a transporter.
 19688 | Gauntlet | Found a transporter.
 19706 | Gauntlet | Found a transporter.
 19706 | Gauntlet | Found a transporter.
 19706 | Gauntlet | Found a transporter.
 19708 | Gauntlet | Found a transporter.
 19708 | Gauntlet | Found a transporter.
 19720 | Gauntlet | Found a transporter.
 19736 | Gauntlet | Found a transporter.
 19746 | Gauntlet | Found a transporter.
 19763 | Gauntlet | Found a transporter.
 19780 | Gauntlet | Found a transporter.
 19919 | Gauntlet | Identified the ring of Xuturhet {Str+4 SInv}
 20085 | Orc:2    | Found a roughly hewn altar of Beogh.
 20343 | Orc:2    | HP: 3/136 [orc warrior/+0 halberd (5)]
 20344 | Orc:2    | Mangled by an orc knight

Illustrated notes

Levels and vault maps discovered:
D:1:      minmay_arrival_checkered_box, layout_rooms, serial_shops,
          nicolae_shop_just_a_little_nook, st_stairs_7, nicolae_titane
D:2:      cheibrodos_fertilizer, layout_loops_ring,
          shapermc_ecumenical_altar_mp_vishouse
D:3:      layout_rooms, zin_angel, nicolae_dithmenos_through_a_glass_darkly,
          ebering_ghost_sewer_d, nicolae_elevator_lobby_asterisk
D:4:      layout_cave_pools, kennysheep_decorative_pillar,
          kennysheep_windowed_goal, uniq_duvessa, uniq_eustachio
D:5:      layout_loops_ring
D:6:      layout_loops_ring, cheibrodos_worm_habitat,
          minmay_temple_entry_gardened_gates, uniq_edmund, uniq_sigmund
D:7:      layout_loops_ring, hangedman_decor_diamond_cutter
D:8:      layout_rooms, grunt_ashenzari_visionary
          [grunt_ashenzari_visionary_swamp, grunt_ashenzari_visionary_spider]
D:9:      layout_long_grid, ebering_ghost_disaster_area,
          hangedman_abyss_or_decor_slice
D:10:     regret_index_malice_mire, layout_long_grid, tso_oasis_becter,
          mainiacjoe_overflow_tiny_flanked, lair_entry_dummy, orc_david_3,
          the_hattery
D:11:     layout_cave_pods, minmay_diced_spiral, uniq_josephine
Lair:1:   layout_regular_city
Lair:2:   layout_cave_pods, minmay_swamp_entry_reptiles,
          nicolae_spider_entry_orb_guardian, gammafunk_ghost_grave, uniq_fannar
Lair:3:   layout_concentric_octagons, uniq_nergalle
Lair:4:   layout_gridlike, dpeg_slime_entry_corner,
          gammafunk_ghost_abyssal_escape, nicolae_lair_lil_pond, uniq_sonja
Lair:5:   hellmonk_lair_end_abyssal_woods, layout_gridlike,
          lightli_volcano_entry_magma_tube, nicolae_lair_yak_garden,
          grunt_megastairs_3
Orc:1:    layout_caves, minmay_orc_keep
Orc:2:    st_orc_pillars, layout_diamond_mine, basic_altar,
          gauntlet_entry_generic, serial_shops, nicolae_shop_back_alley_shop,
          uniq_donald

Skill      XL: |  1  2  3  4  5  6  7  8  9 10 11 12 13 14 15 |
---------------+----------------------------------------------+-----
Axes           | 3 4 5 6 7 9 11 14 15 17 19 20 | 20.0
Invocations    | 5 6 7 10 12 13 | 13.0
Armour         | 6 8 10 11 13 | 13.6
Fighting       | 6 8 10 11 13 | 13.6
Shields        | 4 7 10 | 10.4

Action                     |  1- 3 |  4- 6 |  7- 9 | 10-12 | 13-15 || total
---------------------------+-------+-------+-------+-------+-------++-------
  Melee: War axe           |    81 |   167 |    60 |       |       ||   308
         Battleaxe         |       |       |    94 |   261 |   411 ||   766
         Dire flail        |       |       |       |       |    14 ||    14
  Throw: Stone             |     1 |    10 |     1 |     2 |       ||    14
         Throwing net      |       |       |     1 |       |       ||     1
 Invoke: Recruit Apostle   |       |       |     2 |     1 |       ||     3
         Recall Apostles   |       |       |     2 |     5 |    15 ||    22
         Smiting           |       |       |       |     2 |     9 ||    11
  Evoke: Wand              |       |       |     9 |       |       ||     9
    Use: Scroll            |     7 |     6 |     6 |     7 |     1 ||    27
         Potion            |       |     4 |     3 |       |     3 ||    10
   Stab: Distracted        |       |       |       |     6 |     3 ||     9
 Armour: Scale mail        |    47 |   107 |   113 |   244 |   499 ||  1010
         Plate armour      |       |       |    24 |       |       ||    24
  Dodge: Dodged            |    30 |    75 |    63 |   107 |   205 ||   480
  Block: Buckler           |    12 |    32 |    14 |       |       ||    58

Table legend: (Time is in decaauts)
 A = Elapsed time spent in this place.
 B = Non-inter-level travel time spent in this place.
 C = Inter-level travel time spent in this place.
 D = Time resting spent in this place.
 E = Time spent auto-exploring this place.
 F = Levels seen in this place.
 G = Mean time per level.
                   A        B        C        D        E       F      G
               +--------+--------+--------+--------+--------+-----+--------+
         Total |  20252 |  19042 |   1210 |   5982 |   7020 |  19 | 1065.9 |
       Dungeon |  11570 |  10740 |    830 |   3233 |   3975 |  11 | 1051.8 |
          Lair |   7680 |   7313 |    367 |   2591 |   2624 |   5 | 1536.0 |
  Orcish Mines |    632 |    619 |     13 |     65 |    286 |   2 |  316.0 |
      Gauntlet |    370 |    370 |      0 |     93 |    135 |   1 |  370.0 |
               +--------+--------+--------+--------+--------+-----+--------+

Top non-repeatable levels by time:
  Lair:5: 1894 daAuts
    D:10: 1837 daAuts
  Lair:1: 1618 daAuts
  Lair:2: 1609 daAuts
  Lair:4: 1596 daAuts
    D:11: 1544 daAuts
     D:6: 1542 daAuts
     D:7: 1311 daAuts
     D:9: 1200 daAuts
     D:2: 1099 daAuts
  Lair:3: 960 daAuts
     D:5: 797 daAuts
     D:1: 680 daAuts
     D:8: 669 daAuts
     D:3: 656 daAuts
